 Dungeon Crawl Stone Soup version 0.27.0-1-g7a089689b8 (webtiles) character file.

Game seed: 4049671109297812288

143 Sabo the Covered (level 5, -4/46 HPs)
             Began as a Minotaur Fighter on Aug 8, 2021.
             Slain by a gnoll (6 damage)
             ... on level 2 of the Dungeon.
             The game lasted 00:06:34 (2016 turns).

Sabo the Covered (Minotaur Fighter)                 Turns: 2016, Time: 00:06:35

Health: -4/46      AC:  9    Str: 20    XL:     5   Next: 4%
Magic:  4/4        EV:  7    Int:  5    God:
Gold:   40         SH:  9    Dex: 11    Spells: 4/4 levels left

rFire    . . .     SeeInvis .   a - +0 war axe
rCold    . . .     Faith    .   c - +0 kite shield
rNeg     . . .     Spirit   .   b - +0 scale mail
rPois    +         Reflect  .   (helmet restricted)
rElec    .         Harm     .   i - +1 cloak
rCorr    .         Rampage  .   (no gloves)
Will     .....                  (no boots)
Stlth    ..........             (no amulet)
HPRegen  0.15/turn              g - ring of poison resistance
MPRegen  0.09/turn              (no ring)

@: mighty
A: horns 2, retaliatory headbutt
a: no special abilities


You were on level 2 of the Dungeon.
You visited 1 branch of the dungeon, and saw 2 of its levels.

You collected 40 gold pieces.

Inventory:

Hand Weapons
 a - a +0 war axe (weapon)
Missiles
 f - 11 arrows
Armour
 b - a +0 scale mail (worn)
 c - a +0 kite shield (worn)
 i - a +1 cloak (worn)
Jewellery
 g - a ring of poison resistance (left hand)
Wands
 h - a wand of iceblast (8)
Scrolls
 e - a scroll of fear {unknown}


   Skills:
 + Level 4.2 Fighting
 + Level 4.0 Axes
 + Level 5.0 Armour
 + Level 0.8 Dodging
 + Level 0.1 Stealth
 + Level 4.3 Shields


You had 4 spell levels left.
You didn't know any spells.
Your spell library contained the following spells:

 Spells                   Type           Power      Damage    Failure   Level
 Beastly Appendage        Tmut           0%         N/A       99%         1
 Portal Projectile        Hex/Tloc       0%         N/A       100%        3
 Blade Hands              Tmut           0%         N/A       100%        5
 Borgnjor's Vile Clutch   Necr/Erth      0%         N/A       100%        5
 Excruciating Wounds      Necr           0%         N/A       100%        5


Dungeon Overview and Level Annotations

Branches:
Dungeon (2/15)

Altars:


Innate Abilities, Weirdness & Mutations

You have a pair of horns on your head.
You reflexively headbutt those who attack you in melee.


Message History

The gnoll is severely wounded.
You block the gnoll's attack.
You slash the gnoll!
The gnoll is almost dead.
The gnoll hits you from afar with a +0 spear.
Your scale mail prevents you from hitting the gnoll.
The gnoll is almost dead.
You block the gnoll's attack.
The gnoll hits you from afar with a +0 spear!
You block the gnoll's attack.
The gnoll hits you but does no damage. x2
The gnoll hits you with a +0 flail!
You hit the gnoll.
The gnoll is almost dead.
The gnoll barely misses you. x3
You slash the gnoll!
You kill the gnoll!
The gnoll hits you from afar with a +0 spear.
You block the gnoll's attack. x2; The gnoll hits you but does no damage. x2
Your Axes skill increases to level 4!
Your Armour skill increases to level 5!
You have reached level 5!
You hit the gnoll but do no damage. Your headbutt misses the gnoll.
You block the gnoll's attack. x3
Your shield and scale mail prevent you from hitting the gnoll.
The gnoll completely misses you. The gnoll barely misses you.
The gnoll hits you with a +0 flail of protection.
The gnoll hits you but does no damage. x2
The gnoll hits you with a +0 flail of protection.
* * * LOW HITPOINT WARNING * * *
You hit the gnoll.
The gnoll is moderately wounded.
You block the gnoll's attack. x2
The gnoll hits you with a +0 flail of protection.
* * * LOW HITPOINT WARNING * * *
The gnoll hits you from afar with a +0 spear.
* * * LOW HITPOINT WARNING * * *
The gnoll hits you from afar with a +0 spear.
* * * LOW HITPOINT WARNING * * *
You feel very mighty all of a sudden.
The gnoll hits you with a +0 flail of protection.
You die...

####...
#.##.##.#
#....
#.##.##.# ##
#....
#.#..##.# .#
#.....
#.#.###.# .#
#.#.###.# .#
#.......# .#
########.#####
.# .....g##.#
†# ......g@.#
.# ....#g####
## . # ##.#
...# #### #


You could see 3 gnolls.

Vanquished Creatures
  A necrophage (D:2)
  A gnoll (D:2)
  A worm (D:2)
  A dart slug (D:1)
  4 endoplasms
  3 goblins (D:1)
  4 hobgoblins
  10 jackals (D:1)
  A quokka (D:1)
  4 ball pythons
  2 bats (D:2)
  A frilled lizard (D:2)
  3 kobolds
  3 rats
39 creatures vanquished.

Notes
Turn   | Place    | Note
-------+----------+-------------------------------------------
     0 | D:1      | Sabo the Minotaur Fighter began the quest for the Orb.
     0 | D:1      | Reached XP level 1. HP: 19/19 MP: 0/0
    23 | D:1      | Got the Disquisition on Changing and the Rocks
    92 | D:1      | Reached XP level 2. HP: 25/27 MP: 1/1
   263 | D:1      | Reached skill level 4 in Armour
   759 | D:1      | Reached XP level 3. HP: 18/33 MP: 2/2
  1712 | D:2      | Noticed a necrophage
  1722 | D:2      | Killed a necrophage
  1723 | D:2      | Reached XP level 4. HP: 27/40 MP: 3/3
  2013 | D:2      | Reached skill level 5 in Armour
  2013 | D:2      | Reached XP level 5. HP: 17/46 MP: 4/4
  2015 | D:2      | HP: 2/46 [gnoll (6)]
  2016 | D:2      | Slain by a gnoll

Illustrated notes

Levels and vault maps discovered:
D:1:      dpeg_arrival_tiny_g, layout_basic, serial_rivers,
          chequers_serial_rivers_room_b, chequers_serial_rivers_micro_e,
          chequers_serial_rivers_micro_e, chequers_serial_rivers_room_b
D:2:      layout_loops_cross, basic_altar

Skill      XL: |  1  2  3  4 |
---------------+-------------+-----
Fighting       | 4 |  4.2
Armour         | 4 5 |  5.0
Shields        | 4 |  4.3
Axes           | 3 4 |  4.0
Dodging        | |  0.8
Stealth        | |  0.1

Action                   |  1- 3 |  4- 6 || total
-------------------------+-------+-------++-------
Melee: War axe           |   107 |    15 ||   122
       Headbutt          |     8 |     3 ||    11
  Use: Potion            |       |     1 ||     1
Armor: Scale mail        |    51 |    10 ||    61
Dodge: Dodged            |    32 |     8 ||    40
Block: Kite shield       |    58 |    14 ||    72
